AoeStats
← 铁证如山王洪文

Pilgrims

509580766Analyzed
4v4 RM · 4d ago on Sep 27, 2026· 58m 38s· 8 players
Game mode
Random Map
Map size
Large (8 player)
Population
200
Speed
Normal
Resources
Standard
Victory
Conquest
Starting age
Dark Age
Ending age
Imperial Age
RankedLock teamsTeams togetherTeam positionsShared explorationLock speedFull tech treeHidden civsTurbo modeCheats
Victory
Defeat
🇷🇺 Malians · Russia
1366
+16
🇹🇷 Wu · Türkiye
1339
+17
🇹🇷 Armenians · Türkiye
1293
+19
🇮🇹 Britons · Italy
1283
+19
🇨🇳 Ethiopians · China
1487
-23
🇨🇳 Khmer · China
1483
-22
🇮🇱 Mapuche · Israel
1290
-15
🇹🇼 Armenians · Taiwan
1191
-11
KaRaKaPLaN
5:15 Loom
12:10 Feudal Age
12:46 Man-at-Arms
14:41 Double-Bit Axe
15:07 Long Swordsman
16:48 Forging
16:39 Scale Mail Armor
19:42 Wheelbarrow
19:25 Fletching
22:40 Castle Age
21:35 Padded Archer Armor
23:51 Bodkin Arrow
23:31 Elite Skirmisher
28:16 Bow Saw
28:11 Fishing Lines
30:43 Gillnets
31:51 Chain Mail Armor
31:53 Leather Archer Armor
32:14 Iron Casting
37:21 Ballistics
39:36 Imperial Age
42:29 Chemistry
41:37 Fereters
41:53 Conscription
41:00 Two-Handed Swordsman
41:25 Gambesons
41:41 Squires
41:26 Arson
41:45 Bracer
42:16 Plate Mail Armor
42:47 Blast Furnace
42:07 Champion
42:34 Pikeman
45:09 Ring Archer Armor
45:58 Elite Composite Bowman
46:23 Capped Ram
47:27 Halberdier
49:34 Hoardings
56:54 Siege Ram
HSL | errik
7:45 Loom
10:49 Feudal Age
11:41 Double-Bit Axe
13:22 Fletching
21:47 Castle Age
21:50 Padded Archer Armor
21:52 Crossbowman
22:28 Bodkin Arrow
27:32 Fishing Lines
29:49 Bow Saw
30:20 Wheelbarrow
34:14 Ballistics
34:43 Masonry
35:23 Gold Mining
35:25 Stone Mining
37:23 Pikeman
38:04 Squires
38:29 Leather Archer Armor
38:14 Scale Mail Armor
38:24 Forging
39:17 Fortified Wall
41:43 Imperial Age
40:47 Chain Mail Armor
50:54 Arbalester
52:27 Bracer
53:16 Conscription
54:29 Ring Archer Armor
57:09 Chemistry
57:43 Two-Man Saw
58:35 Chain Mail Armor
58:55 Iron Casting
铁证如山王洪文
9:05 Feudal Age
16:20 Loom
18:54 Castle Age
17:39 Forging
17:57 Double-Bit Axe
22:23 Wheelbarrow
24:51 Fishing Lines
26:19 Town Watch
27:09 Squires
32:37 Arson
35:10 Gillnets
38:30 Imperial Age
37:52 Hand Cart
37:39 Town Patrol
39:59 Iron Casting
39:26 Scale Mail Armor
40:14 Bloodlines
40:50 Horse Collar
41:55 Guilds
42:15 Medium Warships
41:42 Light Cavalry
42:40 Pikeman
44:55 Bow Saw
45:37 Halberdier
46:35 Gold Mining
46:38 Stone Mining
47:10 Chain Mail Armor
46:36 Heavy Hei Guang Cavalry
47:17 Husbandry
47:47 Conscription
47:29 Sitting Tiger
48:36 Plate Mail Armor
49:07 Blast Furnace
48:13 Scale Barding Armor
50:27 Heavy Warships
50:08 Man-at-Arms
52:41 Hussar
54:51 Chain Barding Armor
Moonka
8:11 Loom
12:40 Feudal Age
16:47 Castle Age
14:46 Fishing Lines
14:53 Double-Bit Axe
15:38 Stone Mining
17:53 Bow Saw
17:36 Gillnets
19:23 Wheelbarrow
19:07 Scale Mail Armor
20:55 Chain Mail Armor
20:51 Forging
22:47 Squires
24:39 Iron Casting
23:56 Arson
26:41 Hand Cart
27:14 Town Watch
29:34 Horse Collar
32:03 Tigui
33:07 Scale Barding Armor
33:46 Gold Mining
34:32 Stone Shaft Mining
38:14 Imperial Age
36:34 Fervor
37:28 Chain Barding Armor
38:00 Gold Shaft Mining
39:33 Plate Barding Armor
39:30 Plate Mail Armor
39:35 Plate Barding Armor
38:23 Elite Gbeto
39:23 Conscription
39:25 Sanctity
40:18 Farimba
41:23 Bloodlines
41:14 Husbandry
40:35 Capped Ram
41:36 Fletching
41:46 Padded Archer Armor
41:10 Heavy Camel Rider
42:17 Light Cavalry
42:58 Cavalier
45:04 Treadmill Crane
45:36 Masonry
45:47 Ballistics
46:27 Chemistry
46:37 Architecture
46:05 Bodkin Arrow
47:40 Murder Holes
51:17 Hoardings
52:39 Fortified Wall
57:23 Guard Tower
59:43 Coinage
59:23 Guilds
Mike
12:12 Feudal Age
10:30 Loom
12:15 Feudal Age
13:09 Double-Bit Axe
13:05 Horse Collar
16:29 Castle Age
16:02 Fletching
16:40 Padded Archer Armor
19:43 Medium Warships
34:34 Bow Saw
59:37 Imperial Age
ELO800
3:50 Loom
12:17 Feudal Age
16:19 Castle Age
14:29 Double-Bit Axe
15:16 Fletching
15:30 Horse Collar
15:41 Gold Mining
26:30 Bodkin Arrow
26:35 Padded Archer Armor
27:03 Town Watch
29:12 Padded Archer Armor
30:24 Wheelbarrow
30:01 Fervor
30:27 Bow Saw
30:17 Heavy Plow
31:06 Sanctity
32:06 Ballistics
34:44 Imperial Age
31:36 Elite Skirmisher
34:11 Leather Archer Armor
33:58 Atonement
34:05 Scale Barding Armor
35:27 Sanctity
35:07 Devotion
35:22 Stone Mining
35:52 Hand Cart
35:45 Bracer
36:32 Ring Archer Armor
36:42 Conscription
36:42 Bloodlines
36:32 Husbandry
37:02 Capped Ram
39:32 Chemistry
39:08 Husbandry
38:28 Light Cavalry
42:41 Chain Barding Armor
42:31 Forging
44:09 Sanctity
44:15 Illumination
45:45 Pikeman
47:24 Iron Casting
50:31 Caravan
D哥
3:12 Loom
13:23 Feudal Age
16:13 Castle Age
14:30 Double-Bit Axe
16:11 Padded Archer Armor
16:13 Fishing Lines
17:10 Medium Warships
17:26 Leather Archer Armor
17:32 Fletching
18:09 Light Cavalry
21:47 Scale Barding Armor
21:56 Horse Collar
23:09 Forging
23:15 Bloodlines
23:59 Chain Barding Armor
24:15 Forging
27:08 Wheelbarrow
26:44 Bow Saw
30:32 Heavy Plow
30:27 Gold Mining
35:07 Imperial Age
32:57 Stone Mining
34:51 Gold Shaft Mining
34:52 Stone Shaft Mining
35:49 Iron Casting
35:33 Elite Battle Elephant
36:58 Plate Barding Armor
38:06 Iron Casting
40:47 Conscription
40:31 Elite Ballista Elephant
42:19 Hand Cart
42:36 Crop Rotation
42:08 Double Crossbow
42:10 Tusk Swords
45:27 Blast Furnace
45:32 Ballistics
46:12 Chemistry
45:23 Fortified Wall
45:09 Murder Holes
46:51 Bodkin Arrow
47:33 Bracer
48:03 Ring Archer Armor
47:34 Scale Mail Armor
48:58 Bracer
49:02 Scale Mail Armor
48:24 Pikeman
48:49 Arson
49:22 Halberdier
51:13 Chain Mail Armor
51:36 Ring Archer Armor
51:32 Man-at-Arms
53:01 Coinage
52:12 Capped Ram
53:53 Siege Engineers
825889483
8:57 Loom
10:57 Feudal Age
17:32 Castle Age
16:16 Fletching
18:47 Wheelbarrow
18:02 Crossbowman
18:48 Thumb Ring
20:30 Bodkin Arrow
24:26 Padded Archer Armor
43:07 Imperial Age
46:51 Bracer
47:17 Thumb Ring
50:55 Leather Archer Armor
52:01 Chemistry
51:22 Ballistics
51:36 Elite Skirmisher
58:19 Ballistics
58:32 Ring Archer Armor
Connection lost

Rejoining the realm…

Still unreachable

The connection could not be restored.

Session expired

The server has moved on; the page needs a fresh start.